 Dungeon Crawl Stone Soup version 0.28-a0-1032-ga8db75c868 (webtiles) character file.

Game seed: 15250427294123469473

81821 ZangPog the Peltast (level 15, -10/100 HPs)
             Began as a Gargoyle Gladiator on Dec 7, 2021.
             Was a High Priest of Okawaru.
             Killed by angry trees
             ... awakened by a spriggan druid
              (12 damage)
             ... on level 1 of the Swamp on Feb 2, 2022.
             The game lasted 01:32:16 (26643 turns).

ZangPog the Peltast (Gargoyle Gladiator)           Turns: 26643, Time: 01:32:17

Health: -10/100    AC: 30    Str: 37    XL:     15   Next: 71%
Magic:  0/24       EV: 13    Int: 11    God:    Okawaru [*****.]
Gold:   1191       SH: 14    Dex: 17    Spells: 20/20 levels left

rFire   . . .      SeeInvis .   F - +1 demon whip (drain)
rCold   . . .      Faith    .   m - +0 kite shield
rNeg    + + .      Spirit   +   O - +4 ring mail of the Okapi {Str+8}
rPois   ∞          Reflect  .   t - +0 helmet
rElec   +          Harm     .   b - +0 cloak
rCorr   .          Rampage  .   a - +1 pair of gloves
Will    +....                   c - +2 pair of boots
Stlth   +.........              M - amulet of guardian spirit
HPRegen 0.26/turn               w - +6 ring of strength
MPRegen 0.19/turn               J - ring "Leopex" {rN+ Dex+6}

@: flying
A: sickness immunity, AC +11, big wings, negative energy resistance 1,
electricity resistance, torment resistance 1, petrification resistance
a: Renounce Religion, Heroism, Finesse, Duel


You were on level 1 of the Swamp.
You worshipped Okawaru.
Okawaru was extremely pleased with you.
You visited 5 branches of the dungeon, and saw 22 of its levels.

You collected 1694 gold pieces.
You spent 503 gold pieces at shops.

Inventory:

Hand Weapons
 A - a +1 trident of flaming
 F - a +1 demon whip of draining (weapon)
Missiles
 d - 2 throwing nets
 y - 13 boomerangs (quivered)
 z - 34 poisoned darts
 G - 5 boomerangs of dispersal
 I - 4 javelins
 W - 2 silver javelins
Armour
 a - a +1 pair of gloves (worn)
 b - a +0 cloak (worn)
 c - a +2 pair of boots (worn)
 m - a +0 kite shield (worn)
 t - a +0 helmet (worn)
 O - the +4 ring mail of the Okapi (worn) {Str+8}
   (Okawaru gifted it to you on level 9 of the Dungeon)

   Str:       It affects your strength (+8).
 P - the +3 plate armour of Midwinter {rF+ Stlth+}
   (Okawaru gifted it to you on level 5 of the Lair of Beasts)

   rF:        It protects you from fire.
   Stlth:     It makes you more stealthy.
 V - a +2 tower shield
Jewellery
 w - a +6 ring of strength (left hand)
 J - the ring "Leopex" (right hand) {rN+ Dex+6}
   (You took it off an orc warrior on level 7 of the Dungeon)

   [ring of dexterity]

   Dex:       It affects your dexterity (+6).
   rN:        It protects you from negative energy.
 K - the ring "Yssec" {*Slow rC+ Str+5 Stlth+}
   (You found it on level 7 of the Dungeon)

   [ring of protection from cold]

   Str:       It affects your strength (+5).
   rC:        It protects you from cold.
   *Slow:     It may slow you when you take damage.
   Stlth:     It makes you more stealthy.
 M - an amulet of guardian spirit (around neck)
 X - a ring of ice
 Y - a ring of resist corrosion
Wands
 r - a wand of paralysis (3)
 s - a wand of digging (8)
 v - a wand of iceblast (30)
 U - a wand of acid (2)
Scrolls
 f - 2 scrolls of vulnerability
 h - a scroll of holy word
 k - a scroll of enchant weapon {unknown}
 l - a scroll of torment {unknown}
 o - 10 scrolls of teleportation
 q - a scroll of amnesia
 u - 4 scrolls of enchant armour
 x - 4 scrolls of fog
 B - 6 scrolls of fear
 D - a scroll of magic mapping
 N - a scroll of acquirement {unknown}
 Q - a scroll of blinking
Potions
 e - a potion of lignification
 g - 3 potions of heal wounds
 i - 3 potions of ambrosia
 j - a potion of invisibility
 p - 4 potions of attraction
 C - 2 potions of curing
 E - 4 potions of might
 S - 5 potions of magic
Miscellaneous
 n - a lightning rod (4/4)
 Z - a phial of floods


   Skills:
 + Level 13.8 Fighting
 - Level 12.0 Maces & Flails
 + Level 7.2 Throwing
 - Level 8.0 Armour
 - Level 4.0 Dodging
 - Level 15.0 Shields
 - Level 3.3 Spellcasting
 - Level 12.0 Invocations
 - Level 6.0 Evocations


You had 20 spell levels left.
You didn't know any spells.
Your spell library contained the following spells:

 Spells                   Type           Power      Damage    Failure   Level
 Beastly Appendage        Tmut           2%         N/A       32%         1
 Magic Dart               Conj           4%         1d3       32%         1
 Pain                     Necr           4%         1d4       32%         1
 Slow                     Hex            4%         N/A       32%         1
 Wereblood                Tmut           1%         N/A       43%         2
 Confusing Touch          Hex            1%         N/A       67%         3
 Spider Form              Tmut/Pois      1%         N/A       67%         3
 Fulminant Prism          Conj/Hex       0%         3d6       97%         4
 Iskenderun's Mystic Bla  Conj/Tloc      1%         2d3       97%         4
 Petrify                  Tmut/Erth      1%         N/A       97%         4
 Agony                    Necr           1%         N/A       100%        5
 Alistair's Intoxication  Tmut/Pois      0%         N/A       100%        5
 Borgnjor's Vile Clutch   Necr/Erth      0%         N/A       100%        5
 Excruciating Wounds      Necr           0%         N/A       100%        5
 Fireball                 Conj/Fire      0%         3d3       100%        5
 Iskenderun's Battlesphe  Conj           1%         2d6       100%        5
 Lee's Rapid Deconstruct  Erth           0%         3d5*      100%        5
 Metabolic Englaciation   Hex/Ice        0%         N/A       100%        5
 Yara's Violent Unravell  Hex/Tmut       0%         3d3       100%        5
 Conjure Ball Lightning   Conj/Air       0%         3x3d6     100%        6
 Eringya's Noxious Bog    Tmut/Pois      0%         N/A       100%        6
 Orb of Destruction       Conj           0%         N/A       100%        7
 Borgnjor's Revivificati  Necr           0%         N/A       100%        8
 Statue Form              Tmut/Erth      Unusable   N/A       N/A         6

Dungeon Overview and Level Annotations

Branches:
Dungeon (11/15)            Temple (1/1) D:4            Lair (6/6) D:11
  Swamp (2/4) Lair:4       Spider (0/4) Lair:3        Slime (0/5) Lair:5
    Orc (2/2) D:10            Elf (0/3) Orc:2

Altars:
Ashenzari
Cheibriados
Dithmenos
Elyvilon
Fedhas
Gozag
Hepliaklqana
Kikubaaqudgha
Makhleb
Nemelex Xobeh
Okawaru
Qazlal
Ru
Sif Muna
Trog
Uskayaw
Vehumet
Wu Jian
Xom
Yredelemnul
Zin
The Shining One
Jiyva

Shops:
D:4 [   Orc:2 [(:*

Annotations:
D:8 3 runed translucent doors, exclusion: 3 doors
Lair:5 2 transporters
Lair:6 1 runed translucent door, makewrite's ghost, journeyman MiGl
Swamp:2 1 exclusion
Orc:2 1 runed translucent door, exclusion: door, feta's ghost, journeyman DgIE


Innate Abilities, Weirdness & Mutations

You are immune to sickness and miasma.
Your stone body is resilient. (AC +11)
You are immune to poison.
Your large and strong wings let you fly.
You resist negative energy. (rN+)
You are resistant to electric shocks. (rElec)
You are resistant to unholy torment.
You are immune to petrification.


Message History

The eight-headed hydra bites you! The eight-headed hydra misses you.
You block the eight-headed hydra's attack.
The eight-headed hydra bites you.
The eight-headed hydra bites you but does no damage.
The eight-headed hydra bites you!
You block the eight-headed hydra's attack.
The eight-headed hydra closely misses you.
The eight-headed hydra bites you but does no damage. x3
The bunyip closely misses you. The bunyip misses you. The bunyip claws you!!
* * * LOW HITPOINT WARNING * * *
You block the spriggan druid's attack.
You block the eight-headed hydra's attack. x2
The eight-headed hydra bites you.
* * * LOW HITPOINT WARNING * * *
You block the eight-headed hydra's attack.
The eight-headed hydra bites you but does no damage. x4
The spriggan druid gestures wildly while chanting.
The forest starts to sway and rumble!
You block the eight-headed hydra's attack.
The eight-headed hydra bites you but does no damage. x5
You block the eight-headed hydra's attack.
The eight-headed hydra closely misses you.
You feel roots moving beneath the ground.
You block the eight-headed hydra's attack.
The eight-headed hydra bites you but does no damage. x4
The eight-headed hydra bites you.
* * * LOW HITPOINT WARNING * * *
You block the eight-headed hydra's attack.
The eight-headed hydra misses you.
You block the eight-headed hydra's attack. x2
The eight-headed hydra closely misses you.
The eight-headed hydra bites you but does no damage.
The eight-headed hydra bites you!
* * * LOW HITPOINT WARNING * * *
The eight-headed hydra bites you but does no damage.
The eight-headed hydra bites you!
* * * LOW HITPOINT WARNING * * *
The eight-headed hydra barely misses you.
A root smacks you from below!
You die...

♣♣♣ ♣♣≈.....≈≈≈♣...♣♣......
♣♣≈♣♣♣.≈≈≈..≈≈.≈♣≈....≈≈.≈≈≈
♣≈..♣♣.≈≈≈≈......≈≈≈.≈≈≈≈≈≈≈
♣♣.≈.♣.≈≈≈≈≈.....≈≈≈.≈≈≈≈≈≈≈
♣≈≈≈.♣.≈≈≈≈≈≈...≈.≈≈≈≈≈≈≈≈..
♣≈.≈≈...≈≈≈≈≈..≈♣.≈≈≈≈≈≈≈≈≈≈
♣≈.≈≈.♣....≈≈≈....≈≈≈≈≈≈≈≈≈≈
♣♣≈≈§....D.≈≈≈[≈≈≈§≈≈≈≈.≈≈≈≈
♣♣...≈≈≈x≈D.@......≈≈≈≈≈.≈≈≈≈
♣≈..≈§≈≈≈i.♣♣≈..♣♣♣.≈≈≈≈..≈≈≈
♣.≈≈≈≈§≈.♣♣♣♣....≈...........
♣♣≈§≈≈≈≈w.♣ ♣.≈≈.....≈§.....≈
♣≈..♣♣..≈♣♣♣♣♣.≈≈≈..≈.......♣♣
♣.≈≈♣§..≈♣≈.≈♣...>.≈.≈♣..≈≈.♣♣
♣.≈≈.♣...≈≈≈≈♣≈♣♣♣.≈≈≈≈♣.≈≈.≈♣
♣♣........≈≈♣♣♣♣ ♣≈...♣♣≈.≈.♣♣
♣♣..♣....≈.♣♣♣♣♣♣♣...♣♣♣§≈≈.♣


You could see a bunyip, 2 eight-headed hydras, a spriggan druid and a swamp
worm.

Vanquished Creatures
  A thorn hunter (Swamp:1)
  A fenstrider witch (Swamp:1)
  An orc warlord (Orc:2)
  2 bunyips (Swamp:1)
  A fire dragon (Lair:6)
  Harold (D:7)
  10 hydras
  A ghost crab (Swamp:1)
  3 boulder beetles
  2 two-headed ogres
  3 alligators (Swamp:1)
  14 death yaks
  2 orc high priests (Orc:2)
  3 goliath frogs (Swamp:1)
  A swamp dragon (Swamp:1)
  2 lindwurms
  Pikel (D:6)
  4 orc knights
  4 orc sorcerers
  An obsidian statue (D:10)
  An orb spider (Lair:3)
  3 ugly things (D:7)
  2 cyclopes
  A manticore (D:11)
  7 black mambas
  Joseph (D:9)
  8 elephants (Lair:6)
  3 molten gargoyles (Lair:6)
  A torpor snail (Lair:6)
  A rime drake (Lair:4)
  10 cane toads
  A kobold demonologist (D:11)
  An unseen horror (D:11)
  20 komodo dragons
  6 trolls
  2 tyrant leeches
  A bloated husk (Swamp:1)
  2 hornets
  3 polar bears
  13 dream sheep
  A slime creature (D:7)
  16 blink frogs
  A spriggan (Swamp:1)
  5 wyverns
  A shadow (D:11)
  3 wraiths (D:10)
  51 yaks
  6 steam dragons
  8 basilisks
  A vampire mosquito (D:7)
  A warg (Orc:2)
  4 hell hounds (Lair:6)
  A swamp worm (Swamp:1)
  Menkaure (D:6)
  10 water moccasins
  2 acid dragons (D:9)
  29 orc warriors
  2 sky beasts
  A swamp drake (D:10)
  4 black bears
  15 ogres
  19 wolves
  5 centaurs
  2 phantoms
  2 kobold brigands
  7 bullfrogs
  2 gnoll sergeants
  A wyvern zombie (D:7)
  A scorpion (D:5)
  9 killer bees
  4 howler monkeys
  4 wights (D:8)
  A vampire bat (D:5)
  3 lava snakes (Lair:6)
  4 centaur zombies
  2 hounds
  A bullfrog zombie (D:7)
  8 orc priests
  A gnoll shaman (D:6)
  6 jellies
  3 bullfrog skeletons
  3 centaur skeletons (D:7)
  4 iguanas
  Terence (D:2)
  A hell rat (D:11)
  Natasha (thrice) (D:3)
  15 orc wizards
  A hound skeleton (D:4)
  2 howler monkey zombies (D:9)
  A howler monkey skeleton (D:5)
  7 adders
  13 gnolls
  A river rat (D:11)
  A white imp (D:7)
  An ufetubus (D:4)
  A dart slug (D:1)
  57 orcs
  2 ball pythons
  12 endoplasms
  3 giant cockroaches
  6 goblins
  7 hobgoblins
  7 jackals (D:1)
  12 kobolds
  2 quokkas (D:1)
  14 bats
  5 frilled lizards
  A quokka skeleton (D:4)
  7 rats
583 creatures vanquished.

Vanquished Creatures (others)
  A bloated husk (Swamp:1)
  A yak (Lair:2)
  2 bushes (Lair:2)
  35 fungi
  49 plants
88 creatures vanquished.

Grand Total: 671 creatures vanquished

Notes
Turn   | Place    | Note
-------+----------+-------------------------------------------
     0 | D:1      | ZangPog the Gargoyle Gladiator began the quest for the Orb.
     0 | D:1      | Reached XP level 1. HP: 12/12 MP: 1/1
    64 | D:1      | Found Wiubrul's General Store.
   400 | D:1      | Reached XP level 2. HP: 18/18 MP: 2/2
   864 | D:1      | Reached XP level 3. HP: 14/22 MP: 3/3
  1436 | D:2      | Reached XP level 4. HP: 26/28 MP: 4/4
  1763 | D:2      | Noticed Terence
  1813 | D:2      | Killed Terence
  2500 | D:3      | Noticed Natasha
  2513 | D:3      | HP: 1/28 [white imp/puff of frost[Natasha] (6)]
  2834 | D:3      | Killed Natasha
  2835 | D:3      | Reached XP level 5. HP: 15/33 MP: 5/5
  3071 | D:3      | Noticed a black bear
  3105 | D:3      | Killed a black bear
  3106 | D:3      | Reached skill level 5 in Maces & Flails
  3267 | D:3      | Noticed Natasha
  3277 | D:3      | Killed Natasha
  3278 | D:3      | Reached XP level 6. HP: 38/38 MP: 6/6
  3284 | D:3      | Noticed Natasha
  3295 | D:3      | Killed Natasha
  3422 | D:3      | Found a bloodstained altar of Trog.
  3500 | D:3      | Found a hide-covered altar of Uskayaw.
  3532 | D:3      | Reached skill level 1 in Armour
  3751 | D:3      | Found a faded altar of an unknown god.
  4620 | D:4      | Reached XP level 7. HP: 14/43 MP: 7/7
  4941 | D:4      | Found a staircase to the Ecumenical Temple.
  4953 | Temple   | Entered the Ecumenical Temple
  5222 | Temple   | Became a worshipper of Warmaster Okawaru
  5357 | D:4      | Reached skill level 1 in Invocations
  5690 | D:4      | Found Vuro's Armour Emporium.
  6248 | D:5      | Entered Level 5 of the Dungeon
  6264 | D:5      | Found a glowing silver altar of Zin.
  6264 | D:5      | Noticed a steam dragon
  6295 | D:4      | Killed a steam dragon
  6996 | D:5      | Reached XP level 8. HP: 48/48 MP: 10/10
  7571 | D:6      | Reached * piety under Okawaru
  7682 | D:6      | Noticed Menkaure
  7693 | D:6      | Killed Menkaure
  7713 | D:6      | Reached skill level 5 in Invocations
  7714 | D:6      | Noticed a two-headed ogre
  7760 | D:6      | Killed a two-headed ogre
  7760 | D:6      | Reached ** piety under Okawaru
  7761 | D:6      | Reached skill level 5 in Fighting
  7761 | D:6      | Reached XP level 9. HP: 30/54 MP: 10/13
  8028 | D:6      | Found a hazy altar of Hepliaklqana.
  8182 | D:6      | Noticed Pikel
  8205 | D:6      | Killed Pikel
  8522 | D:6      | Reached skill level 5 in Armour
  8718 | D:7      | Noticed Harold
  8760 | D:7      | Killed Harold
  8760 | D:7      | Reached *** piety under Okawaru
  9035 | D:7      | Reached skill level 1 in Shields
  9035 | D:7      | Reached XP level 10. HP: 64/64 MP: 11/14
  9084 | D:7      | Reached skill level 2 in Shields
  9091 | D:7      | Reached **** piety under Okawaru
  9688 | D:7      | Reached skill level 3 in Shields
  9891 | D:7      | Noticed a purple ugly thing
 10085 | D:7      | Killed a purple ugly thing
 10086 | D:7      | Reached skill level 4 in Shields
 10310 | D:7      | Reached ***** piety under Okawaru
 10371 | D:7      | Noticed a two-headed ogre
 10371 | D:7      | Noticed a white ugly thing
 10422 | D:7      | Killed a white ugly thing
 10427 | D:7      | Killed a two-headed ogre
 10427 | D:7      | Received a gift from Okawaru
 10470 | D:7      | Identified the ring "Leopex" {rN+ Dex+6}
 10474 | D:7      | Noticed a green ugly thing
 10489 | D:7      | Killed a green ugly thing
 10490 | D:7      | Reached skill level 5 in Shields
 10578 | D:7      | Noticed a cyclops
 10582 | D:7      | Received a gift from Okawaru
 10583 | D:7      | Reached XP level 11. HP: 53/72 MP: 14/17
 10614 | D:7      | Killed a cyclops
 10615 | D:7      | Reached skill level 10 in Fighting
 10615 | D:7      | Reached skill level 6 in Shields
 10751 | D:7      | Identified the ring "Yssec" {*Slow rC+ Str+5 Stlth+}
 10758 | D:7      | Got the Incunabulum of Twisted Arcane Weapons
 11186 | D:8      | Found a runed translucent gate.
 11186 | D:8      | Found a runed translucent gate.
 11186 | D:8      | Found a runed translucent gate.
 11187 | D:8      | Noticed a white ugly thing
 11187 | D:8      | Noticed a glowing orange brain
 11188 | D:8      | Noticed a red ugly thing
 11188 | D:8      | Noticed a cyan ugly thing
 11200 | D:8      | Found a viscous altar of Jiyva.
 11581 | D:8      | Found a glowing golden altar of the Shining One.
 12576 | D:9      | Noticed Joseph
 12587 | D:9      | Killed Joseph
 12628 | D:9      | Reached skill level 7 in Shields
 12688 | D:9      | Identified the +4 ring mail of the Okapi {Str+8} (Okawaru
                  | gifted it to you on level 9 of the Dungeon)
 12688 | D:9      | Received a gift from Okawaru
 13298 | D:9      | Found a blossoming altar of Fedhas.
 13388 | D:10     | Entered Level 10 of the Dungeon
 13538 | D:10     | Noticed an obsidian statue
 13926 | D:10     | Found a staircase to the Orcish Mines.
 13945 | D:10     | Reached skill level 1 in Evocations
 14102 | D:10     | Found a burning altar of Makhleb.
 14109 | D:10     | Found a white marble altar of Elyvilon.
 14411 | D:10     | Reached XP level 12. HP: 77/77 MP: 19/19
 14768 | D:10     | Reached skill level 8 in Shields
 14879 | D:11     | Reached skill level 10 in Maces & Flails
 14879 | D:11     | Reached skill level 10 in Invocations
 14938 | D:11     | Noticed a seven-headed hydra
 14954 | D:11     | Killed a seven-headed hydra
 15035 | D:11     | Noticed a death yak
 15039 | D:11     | Noticed a death yak
 15039 | D:11     | Noticed a death yak
 15045 | D:11     | Killed a death yak
 15062 | D:11     | Killed a death yak
 15071 | D:11     | Killed a death yak
 15072 | D:11     | Reached skill level 9 in Shields
 15077 | D:11     | Found a staircase to the Lair.
 15371 | Lair:1   | Entered Level 1 of the Lair of Beasts
 15525 | Lair:1   | Noticed a four-headed hydra
 15533 | Lair:1   | Killed a four-headed hydra
 15562 | Lair:1   | Noticed a seven-headed hydra
 15576 | Lair:1   | Killed a seven-headed hydra
 16008 | Lair:1   | Reached skill level 5 in Evocations
 16126 | Lair:1   | Noticed a four-headed hydra
 16141 | Lair:1   | Killed a four-headed hydra
 16142 | Lair:1   | Reached skill level 10 in Shields
 16306 | Lair:1   | Received a gift from Okawaru
 16396 | Lair:1   | Reached XP level 13. HP: 76/82 MP: 19/21
 17008 | Lair:2   | Identified the +6 great mace of Vogu {protect, rF+}
                  | (Okawaru gifted it to you on level 2 of the Lair of Beasts)
 17008 | Lair:2   | Received a gift from Okawaru
 17370 | Lair:2   | Reached skill level 11 in Shields
 18480 | Lair:3   | You fall into a shaft and drop 3 floors!
 18480 | Lair:6   | Entered Level 6 of the Lair of Beasts
 18642 | Lair:6   | Reached skill level 12 in Shields
 18660 | Lair:6   | Received a gift from Okawaru
 18778 | Lair:5   | Gained mutation: Your large and strong wings let you fly.
                  | [Gargoyle growth]
 18778 | Lair:5   | Reached XP level 14. HP: 68/90 MP: 20/23
 19769 | Lair:3   | Reached skill level 13 in Shields
 20472 | Lair:3   | Found a hole to the Spider Nest.
 20645 | Lair:4   | Identified the +1 scale mail of Prudence {Dex+2}
 20716 | Lair:4   | Found a staircase to the Swamp.
 20979 | Lair:4   | Reached skill level 1 in Spellcasting
 21550 | Lair:5   | Identified the +3 plate armour of Midwinter {rF+ Stlth+}
                  | (Okawaru gifted it to you on level 5 of the Lair of Beasts)
 21550 | Lair:5   | Received a gift from Okawaru
 21773 | Lair:5   | Found a transporter.
 21773 | Lair:5   | Found a transporter.
 21823 | Lair:5   | Reached skill level 14 in Shields
 21974 | Lair:5   | Identified the +8 falchion of Yesterday {protect, rElec
                  | rN+++ Int-2 Dex+3}
 22172 | Lair:5   | Found a staircase to the Slime Pits.
 22548 | Lair:6   | Reached skill level 15 in Shields
 22722 | Lair:6   | Found a runed translucent door.
 22723 | Lair:6   | Noticed makewrite's ghost (journeyman MiGl)
 22835 | Lair:6   | Found a large runed translucent door.
 22836 | Lair:6   | Found a large runed translucent door.
 22962 | Lair:6   | Reached XP level 15. HP: 74/96 MP: 19/24
 23387 | Lair:6   | Reached skill level 5 in Throwing
 23652 | D:4      | Bought a +2 pair of boots for 181 gold pieces
 23829 | Orc:1    | Entered Level 1 of the Orcish Mines
 23874 | Orc:1    | Paralysed by an orc sorcerer for 7 turns
 23899 | Orc:1    | Received a gift from Okawaru
 24061 | Orc:2    | Entered Level 2 of the Orcish Mines
 24149 | Orc:2    | Found Afelien's Antique Weapon Emporium.
 24173 | Orc:2    | Found Kaynab Narow's Antique Armour Shop.
 24467 | Orc:2    | Found a runed translucent door.
 24553 | Orc:2    | Found a staircase to the Elven Halls.
 24556 | Orc:2    | Noticed an orc warlord
 24613 | Orc:2    | Killed an orc warlord
 24613 | Orc:2    | Received a gift from Okawaru
 24675 | Orc:2    | Found Teoby's General Store.
 24993 | Orc:2    | Found Kysoecuc's Book Boutique.
 25220 | Orc:2    | Noticed feta's ghost (journeyman DgIE)
 25257 | Orc:2    | Bought a pair of runed gloves for 210 gold pieces
 25299 | Orc:2    | Bought a scroll of blinking for 112 gold pieces
 25435 | Swamp:1  | Entered Level 1 of the Swamp
 25472 | Swamp:1  | Noticed a thorn hunter
 25484 | Swamp:1  | Killed a thorn hunter
 25751 | Swamp:1  | Received a gift from Okawaru
 26146 | Swamp:1  | Noticed a fenstrider witch
 26150 | Swamp:1  | Paralysed by a fenstrider witch for 5 turns
 26164 | Swamp:1  | Killed a fenstrider witch
 26642 | Swamp:1  | HP: 8/100 [eight-headed hydra (8)]
 26642 | Swamp:1  | HP: 1/100 [eight-headed hydra (7)]
 26643 | Swamp:1  | Killed from afar by a spriggan druid

Illustrated notes

Levels and vault maps discovered:
D:1:      amcnicky_arrival_single_pillar, layout_rooms, serial_shops,
          nicolae_shop_statue_plus, columned_hall_lemuel,
          amcnicky_mini_pool_small
D:2:      layout_basic, uniq_terence
D:3:      layout_basic, mainiacjoe_overflow_catch_the_wave,
          shapermc_ecumenical_altar_mp_ritualfount, minmay_misc_feat_plants,
          minmay_misc_feat_rugged, uniq_natasha
D:4:      layout_cave_pools, minmay_temple_entry_slanted, serial_shops,
          nicolae_diamond_shop
D:5:      layout_loops_ring, nicolae_overflow_crystal_walls, roderic_batcave
D:6:      layout_rooms, nzn_hepliaklqana_mist_gate, serial_corexii_hall,
          corexii_hall_statues_l, corexii_hall_statues_t,
          chequers_hall_statues_wall_a, uniq_pikel, uniq_menkaure
D:7:      minmay_the_grid_triangle_9x9_rhombus_full
          [minmay_the_grid_triangle_9x9_sparse_checkered,
          minmay_the_grid_triangle_9x9_flanged_cone,
          minmay_the_grid_triangle_9x9_steps,
          minmay_the_grid_triangle_9x9_windchime,
          minmay_the_grid_triangle_9x9_warning,
          minmay_the_grid_triangle_9x9_pentomino_pain,
          minmay_the_grid_triangle_9x9_minimal,
          minmay_the_grid_triangle_9x9_prize_center], layout_cave_pods,
          uniq_harold
D:8:      layout_cave_pods, tso_altar,
          ploomutoo_gammafunk_ghost_potion_laboratory, minmay_misc_feat_chi,
          grunt_ogre_cave, jiyva_altar_1
D:9:      layout_rooms, mainiacjoe_overflow_surrounded_room, nicolae_wwwww,
          uniq_joseph
D:10:     layout_irregular_city, mainiacjoe_overflow_big_doors, erik_orc_1,
          minivault_16
D:11:     layout_rooms, dpeg_lair_monsters
Temple:   minmay_temple_curvy_branch
Lair:1:   layout_gridlike, serial_bayou_shore_b
Lair:2:   layout_loops_ring, nicolae_lair_grazing_beasts
          [nicolae_sub_lair_graze_edge, nicolae_sub_lair_graze_edge,
          nicolae_sub_lair_graze_edge, nicolae_sub_lair_graze_edge],
          grunt_megastairs_3
Lair:3:   layout_concentric_octagons, nicolae_spider_entry_orb_guardian,
          portal_ice_cave_entry_pillars_1, grunt_megastairs_5,
          infiniplex_staircase_pool
Lair:4:   layout_concentric_octagons, swamp_mist, lemuel_fruit_tree
Lair:5:   gammafunk_boulding_lane, layout_regular_city, dpeg_slime_entry_corner,
          chequers_serial_rivers_room_b, nzn_sisyphean_effort,
          lemuel_fruit_fields
Lair:6:   cheibrodos_lair_end_hotspot, layout_big_grid,
          ebering_ghost_inner_flame
Swamp:1:  layout_basic_swamp, hangedman_swamp_ruin_hall, swamp_pool3
Swamp:2:  layout_falls_marsh, serial_swamp_ruin, evilmike_swamp_ruin_house_5,
          evilmike_swamp_ruin_rubble_1, swamp_pool1, nzn_swamp_stair_ambush,
          infiniplex_staircase_pool_2
Orc:1:    layout_diamond_mine
Orc:2:    grunt_orc_gardens, layout_caves, grunt_orc_garden, grunt_orc_garden,
          grunt_orc_garden, grunt_orc_garden, ebering_ghost_reflecting_pool

Skill      XL: |  1  2  3  4  5  6  7  8  9 10 11 12 13 14 15 |
---------------+----------------------------------------------+-----
Fighting       | 3 4 5 8 9 10 11 12 13 | 13.8
Dodging        | 3 4 |  4.0
Maces & Flails | 4 5 6 7 8 9 10 11 12 | 12.0
Armour         | 2 3 4 6 8 |  8.0
Invocations    | 3 6 8 9 11 12 | 12.0
Throwing       | 3 4 7 |  7.2
Shields        | 1 5 7 10 12 15 | 15.0
Evocations     | 1 5 6 |  6.0
Spellcasting   | 3 |  3.3

Action                   |  1- 3 |  4- 6 |  7- 9 | 10-12 | 13-15 || total
-------------------------+-------+-------+-------+-------+-------++-------
Melee: Flail             |    93 |   121 |   259 |   693 |  1155 ||  2321
       Club              |     2 |       |       |       |       ||     2
       Dagger            |    41 |   118 |       |       |       ||   159
       Punch             |       |       |     1 |       |       ||     1
       Demon whip        |       |       |       |       |   267 ||   267
 Fire: Hunting sling     |       |    34 |    55 |    23 |       ||   112
Throw: Stone             |       |    12 |       |       |       ||    12
       Throwing net      |       |     3 |     3 |     2 |     1 ||     9
       Dart              |       |       |    13 |    28 |     2 ||    43
       Boomerang         |       |       |       |    60 |   137 ||   197
       Javelin           |       |       |       |    16 |     7 ||    23
Invok: Heroism           |       |       |     6 |    31 |    36 ||    73
       Finesse           |       |       |       |     1 |     8 ||     9
  Use: Scroll            |       |     1 |     6 |     1 |    14 ||    22
       Potion            |       |       |       |       |     3 ||     3
 Stab: Held in net/web   |       |       |       |     4 |     1 ||     5
       Sleeping          |       |       |       |     1 |       ||     1
Armor: Leather armour    |    56 |    25 |       |       |       ||    81
       Scale mail        |       |   101 |   175 |    33 |       ||   309
       Chain mail        |       |       |       |   142 |       ||   142
       Ring mail         |       |       |       |   173 |   495 ||   668
       Plate armour      |       |       |       |       |     2 ||     2
Dodge: Dodged            |    94 |   150 |   161 |   274 |   565 ||  1244
Block: Buckler           |       |       |     1 |    19 |       ||    20
       Kite shield       |       |       |       |   331 |   934 ||  1265

Table legend: (Time is in decaauts)
 A = Elapsed time spent in this place.
 B = Non-inter-level travel time spent in this place.
 C = Inter-level travel time spent in this place.
 D = Time resting spent in this place.
 E = Time spent auto-exploring this place.
 F = Levels seen in this place.
 G = Mean time per level.
                   A        B        C        D        E       F      G
               +--------+--------+--------+--------+--------+-----+--------+
         Total |  26154 |  24719 |   1435 |   5608 |  11756 |  22 | 1188.8 |
       Dungeon |  15475 |  14571 |    904 |   4145 |   5865 |  11 | 1406.8 |
        Temple |    291 |    248 |     43 |      0 |    246 |   1 |  291.0 |
          Lair |   8094 |   7811 |    283 |   1288 |   4333 |   6 | 1349.0 |
         Swamp |    937 |    847 |     90 |    163 |    454 |   2 |  468.5 |
  Orcish Mines |   1356 |   1242 |    114 |     11 |    858 |   2 |  678.0 |
               +--------+--------+--------+--------+--------+-----+--------+

Top non-repeatable levels by time:
     D:7: 2068 daAuts
     D:4: 1760 daAuts
     D:2: 1707 daAuts
  Lair:1: 1681 daAuts
     D:3: 1637 daAuts
  Lair:4: 1468 daAuts
     D:6: 1462 daAuts
    D:10: 1422 daAuts
  Lair:2: 1419 daAuts
     D:8: 1394 daAuts
  Lair:3: 1282 daAuts
  Lair:6: 1261 daAuts
     D:1: 1203 daAuts
   Orc:2: 1153 daAuts
     D:5: 1116 daAuts
